 Dungeon Sprint DCSS version 0.28.0-43-g3370ac3207 (webtiles) character file.

Game seed: 2200076850295731814

561 boopmooplesden the Fighter (level 7, -10/109 HPs)
             Began as a Minotaur Fighter on Mar 2, 2022.
             Mangled by a boulder beetle (28 damage)
             ... in the Dungeon (Sprint II: "The Violet Keep of Menkaure").
             The game lasted 00:00:47 (320 turns).

boopmooplesden the Fighter (Minotaur Fighter)        Turns: 320, Time: 00:00:48

Health: -10/109    AC:  8    Str: 22    XL:     7   Next: 9%
Magic:  6/6        EV: 10    Int:  5    God:
Gold:   486        SH:  6    Dex: 10    Spells: 6/6 levels left

rFire   . . .      SeeInvis .   a - +0 war axe
rCold   . . .      Faith    .   c - +0 buckler
rNeg    . . .      Spirit   .   b - +0 scale mail
rPois   .          Reflect  .   (helmet restricted)
rElec   .          Harm     .   (no cloak)
rCorr   .          Rampage  .   (no gloves)
Will    .....      NoTele   +   (no boots)
Stlth   ..........              (no amulet)
HPRegen 0.28/turn               (no ring)
MPRegen 0.10/turn               (no ring)

@: berserking, very quick
A: horns 2, retaliatory headbutt
a: no special abilities


You were in the Dungeon.
You visited 1 branch You collected 486 gold pieces.

Inventory:

Hand Weapons
 a - a +0 war axe (weapon)
Armour
 b - a +0 scale mail (worn)
 c - a +0 buckler (worn)
Scrolls
 j - a scroll of blinking
Potions
 f - a potion of heal wounds
 g - a potion of haste
 h - 2 potions of magic


   Skills:
 + Level 10.3 Fighting
 + Level 8.0 Axes
 + Level 10.2 Armour
 + Level 0.6 Dodging
 + Level 10.3 Shields


You had 6 spell levels left.
You didn't know any spells.
Your spell library was empty.

Dungeon Overview and Level Annotations

Branches:
Dungeon (1/1)

Altars:


Innate Abilities, Weirdness & Mutations

You have a pair of horns on your head.
You reflexively headbutt those who attack you in melee.


Message History

You headbutt the boulder beetle, but do no damage.
The boulder beetle stops rolling and uncurls.
The boulder beetle leaps!
There is an open door here.
The boulder beetle curls into a ball and begins rolling!
The boulder beetle stops rolling and uncurls.
There is an open door here.
You block the boulder beetle's attack.
The boulder beetle waves its antennae.
You hit the boulder beetle but do no damage.
You barely miss the boulder beetle. The boulder beetle bites you!
The boulder beetle closely misses you.
A red film seems to cover your vision as you go berserk!
You feel yourself moving faster!
You feel mighty! The boulder beetle bites you. The boulder beetle bites you!
You slash the boulder beetle!
The boulder beetle is lightly wounded.
You slash the boulder beetle! The boulder beetle closely misses you.
The boulder beetle bites you!!
* * * LOW HITPOINT WARNING * * *
You hit the boulder beetle but do no damage.
You headbutt the boulder beetle.
The boulder beetle is lightly wounded.
You hit the boulder beetle. The boulder beetle closely misses you.
You furiously retaliate!
You headbutt the boulder beetle, but do no damage.
The boulder beetle leaps!
You hit the boulder beetle but do no damage.
The boulder beetle is lightly wounded.
You hit the boulder beetle.
The boulder beetle is lightly wounded.
The boulder beetle waves its antennae.
The boulder beetle leaps!
The boulder beetle curls into a ball and begins rolling!
You hit the boulder beetle but do no damage.
The boulder beetle is lightly wounded.
You hit the boulder beetle.
The boulder beetle is moderately wounded.
The boulder beetle bites you!!
You die... ≈≈≈≈≈ ≈≈≈≈≈ ≈§≈ SSS

#≈≈#+++#+++##
≈≈≈.........#
##'## ##.#.##
#.@#..# #
###B### ##.
#'# #...##B##
#○.°.+
#..B##.## ##.
##'## #
##.).##
#..#..#


You could see 2 boulder beetles and 2 electric eels.

Vanquished Creatures
  A merfolk siren (D)
  4 scorpions (D)
5 creatures vanquished.

Notes
Turn   | Place    | Note
-------+----------+-------------------------------------------
     0 | D        | boopmooplesden the Minotaur Fighter began the quest for the
                  | Orb.
     0 | D        | Reached XP level 1. HP: 19/19 MP: 0/0
     1 | D        | Noticed a scorpion
     1 | D        | Noticed a scorpion
     5 | D        | Killed a scorpion
     6 | D        | Reached XP level 2. HP: 6/30 MP: 1/1
     6 | D        | Reached XP level 3. HP: 8/37 MP: 2/2
     9 | D        | Killed a scorpion
    10 | D        | Reached XP level 4. HP: 23/47 MP: 3/3
    11 | D        | Noticed a scorpion
    11 | D        | Noticed a scorpion
    14 | D        | Killed a scorpion
    15 | D        | Reached skill level 5 in Axes
    15 | D        | Reached XP level 5. HP: 21/53 MP: 4/4
   272 | D        | Noticed a merfolk siren
   283 | D        | Killed a merfolk siren
   284 | D        | Reached skill level 10 in Fighting
   284 | D        | Reached skill level 10 in Armour
   284 | D        | Reached skill level 10 in Shields
   284 | D        | Reached XP level 6. HP: 51/67 MP: 5/5
   284 | D        | Reached XP level 7. HP: 55/73 MP: 6/6
   294 | D        | Noticed a boulder beetle
   294 | D        | Noticed a boulder beetle
   320 | D        | Mangled by a boulder beetle

Illustrated notes

Levels and vault maps discovered:
D:        the_violet_keep_of_menkaure [sprint2_stairs_cluster_1,
          sprint2_shoproom, sprint2_temple, sprint2_basic_supplies,
          sprint2_obstacle_3, sprint2_obstacle_4, sprint2_obstacle_7,
          sprint2_obstacle_6, sprint2_obstacle_5, sprint2_timed_cluster_1,
          sprint2_smallroom_cluster_1, sprint2_smallroom_final_cluster_1,
          sprint2_transparent_cluster_1, sprint2_second_timed_cluster_1,
          sprint2_sniper_area_1, sprint2_heavy_combat_area_1,
          sprint2_mutation_trap_area_1, sprint2_forest_area_1,
          sprint2_light_combat_area_1, sprint2_behind_water_1,
          sprint2_near_end_vault_1]

Skill      XL: |  1  2  3  4  5 |
---------------+----------------+-----
Fighting       | 6 7 8 10 | 10.3
Axes           | 3 4 5 8 |  8.0
Armour         | 6 7 10 | 10.2
Shields        | 6 7 8 10 | 10.3
Dodging        | |  0.6

Action                   |  1- 3 |  4- 6 |  7- 9 || total
-------------------------+-------+-------+-------++-------
Melee: War axe           |     6 |    16 |     7 ||    29
       Headbutt          |     3 |     2 |     1 ||     6
  Use: Potion            |     2 |       |     1 ||     3
Armor: Scale mail        |     1 |     2 |       ||     3
Dodge: Dodged            |     3 |     1 |     5 ||     9
Block: Buckler           |     1 |     1 |     1 ||     3
